MLB
MEXICO CITY PADRES @ CAROLINA CATAMOUNTS
04/03/2042
 
TOP OF THE 1ST
Mexico City Padres batting - Pitching for Carolina Catamounts : LHP Raúl Martínez
Pitching: LHP Raúl Martínez
Batting: RHB Rico Rodríguez 0-0: Foul Ball, location: 7LMF
0-1: SINGLE (Line Drive, 89M, EV 98.1 MPH)
Batting: LHB Mario Rosales 0-0: Called Strike
0-1: Fielders Choice at 2nd, 4-6 (Groundball, 4, EV 102.5 MPH)
Batting: RHB Wilfred Sanders 0-0: Foul Ball, location: 9LSF
0-1: Called Strike
0-2: Foul Ball, location: 23FF
0-2: Strikes out looking
Batting: RHB Germão Risques 0-0: Fly out, F6 (Popup, 6MD, EV 49.4 MPH)
Top of the 1st over - 0 runs, 1 hit, 0 errors, 1 left on base; Mexico City 0 - Carolina 0
BOTTOM OF THE 1ST
Carolina Catamounts batting - Pitching for Mexico City Padres : LHP Trey Smith
Pitching: LHP Trey Smith
Batting: RHB Rex Boone 0-0: Swinging Strike
0-1: Foul Ball, location: 9LSF
0-2: Ball
1-2: Ball
2-2: Ball
3-2: Base on Balls
Batting: LHB Sam Kirby 0-0: Ball
1-0: Called Strike
Rex Boone steals 2nd base
1-1: Fly out, F7 (Flyball, 7LM, EV 88.1 MPH)
Batting: RHB Mike Harrison 0-0: Called Strike
0-1: Called Strike
0-2: Ground out 5-3 (Groundball, 5, EV 79.4 MPH)
Batting: LHB Jesús Cantú 0-0: Ground out 4-3 (Groundball, 4, EV 87.5 MPH)
Bottom of the 1st over - 0 runs, 0 hits, 0 errors, 1 left on base; Mexico City 0 - Carolina 0
TOP OF THE 2ND
Mexico City Padres batting - Pitching for Carolina Catamounts : LHP Raúl Martínez
Batting: LHB Steve Morris 0-0: Ball
1-0: Ball
2-0: Fly out, F9 (Flyball, 9, EV 93.1 MPH)
Batting: LHB Ethan Glenn 0-0: Ball
1-0: Ball
2-0: Foul Ball, location: 2F
2-1: Fly out, F4 (Line Drive, 4, EV 66.9 MPH)
Batting: SHB Tony Hinojosa 0-0: Called Strike
0-1: Swinging Strike
0-2: Strikes out looking
Top of the 2nd over - 0 runs, 0 hits, 0 errors, 0 left on base; Mexico City 0 - Carolina 0
BOTTOM OF THE 2ND
Carolina Catamounts batting - Pitching for Mexico City Padres : LHP Trey Smith
Batting: RHB Ignacio Montalvo 0-0: Ground out 5-3 (Groundball, 5, EV 90.6 MPH)
Batting: LHB Bailey Johnson 0-0: Foul Ball, location: 7LDF
0-1: Ball
1-1: Foul Ball, location: 3FF
1-2: Ball
2-2: Ground out U3 (Groundball, 3, EV 86.9 MPH)
Batting: RHB Ken Ransley 0-0: Called Strike
0-1: Ball
1-1: Fly out, F6 (Popup, 6M, EV 54.4 MPH)
Bottom of the 2nd over - 0 runs, 0 hits, 0 errors, 0 left on base; Mexico City 0 - Carolina 0
TOP OF THE 3RD
Mexico City Padres batting - Pitching for Carolina Catamounts : LHP Raúl Martínez
Batting: LHB Rubén Cruz 0-0: Foul Ball, location: 25F
0-1: SINGLE (Line Drive, 89S, EV 96.3 MPH)
Batting: LHB Greg Younger 0-0: SINGLE (Line Drive, 9S, EV 97.5 MPH)
Rubén Cruz to second
Batting: RHB Rico Rodríguez 0-0: Ball
1-0: Ball
2-0: SINGLE (Groundball, 4MD, EV 101.3 MPH)
Rubén Cruz to third
Greg Younger to second
Batting: LHB Mario Rosales 0-0: SINGLE (Line Drive, 6MD, EV 103.1 MPH)
Rubén Cruz scores
Greg Younger to third
Rico Rodríguez to second
Batting: RHB Wilfred Sanders 0-0: Called Strike
0-1: Foul Ball, location: 2F
0-2: Ball
1-2: Ball
2-2: Strikes out swinging
Batting: RHB Germão Risques 0-0: Ball
1-0: Ground out 6-3 (Groundball, 6MS, EV 75.6 MPH)
Greg Younger scores
Rico Rodríguez to third
Mario Rosales to second
Batting: LHB Steve Morris 0-0: Ball
1-0: Ground out 3-1 (Groundball, 34S, EV 88.1 MPH)
Top of the 3rd over - 2 runs, 4 hits, 0 errors, 2 left on base; Mexico City 2 - Carolina 0
BOTTOM OF THE 3RD
Carolina Catamounts batting - Pitching for Mexico City Padres : LHP Trey Smith
Batting: LHB Orlando Hernández 0-0: SINGLE (Line Drive, 6M, EV 108.8 MPH)
Batting: RHB José Romero 0-0: Called Strike
0-1: Ball
1-1: Ball
Orlando Hernández steals 2nd base (no throw)
2-1: Ground out 5-3 (Groundball, 56S, EV 85.0 MPH)
Orlando Hernández to third
Batting: RHB Rex Boone 0-0: Fly out, F9 (Flyball, 89S, EV 93.8 MPH)
Batting: LHB Sam Kirby 0-0: Hit by Pitch
Pinch Runner at 1st Leo Myers:
Batting: RHB Mike Harrison 0-0: Called Strike
0-1: Foul Ball, location: 5F
0-2: Fly out, F8 (Line Drive, 89D, EV 106.9 MPH)
Bottom of the 3rd over - 0 runs, 1 hit, 0 errors, 2 left on base; Mexico City 2 - Carolina 0
TOP OF THE 4TH
Mexico City Padres batting - Pitching for Carolina Catamounts : LHP Raúl Martínez
Now at 2B: Ignacio Montalvo
Now at SS: Leo Myers
Batting: LHB Ethan Glenn 0-0: Ball
1-0: Called Strike
1-1: Ball
2-1: Foul Ball, location: 7LDF
2-2: Foul Ball, location: 9LDF
2-2: Strikes out swinging
Batting: SHB Tony Hinojosa 0-0: Foul Ball, location: 7LMF
0-1: Ball
1-1: Ball
2-1: Called Strike
2-2: Fly out, F8 (Flyball, 8LD, EV 80.6 MPH)
Batting: LHB Rubén Cruz 0-0: Ball
1-0: Swinging Strike
1-1: Ball
2-1: Ground out 4-3 (Groundball, 4, EV 87.5 MPH)
Top of the 4th over - 0 runs, 0 hits, 0 errors, 0 left on base; Mexico City 2 - Carolina 0
BOTTOM OF THE 4TH
Carolina Catamounts batting - Pitching for Mexico City Padres : LHP Trey Smith
Batting: LHB Jesús Cantú 0-0: Ball
1-0: Foul Ball, location: 5FF
1-1: Ball
2-1: DOUBLE (Line Drive, 78D, EV 105.6 MPH)
Batting: RHB Ignacio Montalvo 0-0: Swinging Strike
0-1: Fly out, F7 (Flyball, 7, EV 95.6 MPH)
Batting: LHB Bailey Johnson 0-0: Ball
1-0: Called Strike
1-1: Foul Ball, location: 2F
1-2: Fly out, F7 (Flyball, 7LS, EV 85.6 MPH)
Batting: RHB Ken Ransley 0-0: Ball
1-0: Called Strike
1-1: Ball
2-1: Swinging Strike
2-2: Strikes out swinging
Bottom of the 4th over - 0 runs, 1 hit, 0 errors, 1 left on base; Mexico City 2 - Carolina 0
TOP OF THE 5TH
Mexico City Padres batting - Pitching for Carolina Catamounts : LHP Raúl Martínez
Batting: LHB Greg Younger 0-0: Ball
1-0: Swinging Strike
1-1: Swinging Strike
1-2: Ball
2-2: Strikes out looking
Batting: RHB Rico Rodríguez 0-0: Foul Ball, location: 2F
0-1: Ball
1-1: Ball
2-1: SINGLE (Line Drive, 6D, EV 65.0 MPH)
Batting: LHB Mario Rosales 0-0: Foul Ball, location: 7LSFF
0-1: Swinging Strike
0-2: Ball
1-2: Ground out 6-3 (Groundball, 6, EV 96.9 MPH)
Rico Rodríguez to second
Batting: RHB Wilfred Sanders 0-0: Foul Ball, location: 5F
0-1: Foul Ball, location: 2F
0-2: Strikes out swinging
Top of the 5th over - 0 runs, 1 hit, 0 errors, 1 left on base; Mexico City 2 - Carolina 0
BOTTOM OF THE 5TH
Carolina Catamounts batting - Pitching for Mexico City Padres : LHP Trey Smith
Batting: LHB Orlando Hernández 0-0: Called Strike
0-1: Swinging Strike
0-2: Ball
1-2: Ball
2-2: Foul Ball, location: 2F
2-2: Ball
3-2: Fly out, F8 (Line Drive, 8RD, EV 87.5 MPH)
Batting: RHB José Romero 0-0: Foul Ball, location: 2F
0-1: Foul Ball, location: 9LDF
0-2: Ball
1-2: Foul Ball, location: 2F
1-2: DOUBLE (Line Drive, 78D, EV 105.6 MPH)
Batting: RHB Rex Boone 0-0: Called Strike
0-1: Foul Ball, location: 9LMF
0-2: Fly out, F4 (Popup, 34, EV 60.0 MPH)
Batting: RHB Leo Myers 0-0: Ball
1-0: Foul Ball, location: 2F
1-1: Ball
Wild Pitch!
José Romero to third
2-1: Fly out, F9 (Flyball, 9, EV 78.8 MPH)
Bottom of the 5th over - 0 runs, 1 hit, 0 errors, 1 left on base; Mexico City 2 - Carolina 0
TOP OF THE 6TH
Mexico City Padres batting - Pitching for Carolina Catamounts : LHP Raúl Martínez
Batting: RHB Germão Risques 0-0: Ball
1-0: Foul Ball, location: 2F
1-1: Ball
2-1: Ball
3-1: Base on Balls
Batting: LHB Steve Morris 0-0: Ball
1-0: Grounds into double play, 4-6-3 (Groundball, 13, EV 79.4 MPH)
Batting: LHB Ethan Glenn 0-0: SINGLE (Flyball, 9LS, EV 86.3 MPH)
Batting: SHB Tony Hinojosa 0-0: Foul Ball, location: 9LDF
0-1: Ball
1-1: Reached on error, E6 (Groundball, 6, EV 86.3 MPH)
Ethan Glenn to second
Batting: LHB Rubén Cruz 0-0: Called Strike
0-1: Ball
1-1: SINGLE (Groundball, 34D, EV 97.5 MPH)
Ethan Glenn to third
Tony Hinojosa to second
Runner from 3rd tries for Home, throw by RF and OUT! 9-2
Top of the 6th over - 0 runs, 2 hits, 1 error, 2 left on base; Mexico City 2 - Carolina 0
BOTTOM OF THE 6TH
Carolina Catamounts batting - Pitching for Mexico City Padres : LHP Trey Smith
Batting: RHB Mike Harrison 0-0: Called Strike
0-1: Foul Ball, location: 3F
0-2: Ball
1-2: Ball
2-2: DOUBLE (Flyball, 89D, EV 92.5 MPH)
Batting: LHB Jesús Cantú 0-0: Ball
1-0: Foul Ball, location: 5SF
1-1: SINGLE (Groundball, 34D, EV 106.9 MPH)
Mike Harrison to third
Batting: RHB Ignacio Montalvo 0-0: Called Strike
0-1: SINGLE (Line Drive, 9S, EV 104.4 MPH)
Mike Harrison scores
Jesús Cantú to second
Batting: LHB Bailey Johnson 0-0: Called Strike
0-1: Ball
1-1: Foul Ball, location: 2F
1-2: Fly out, F9 (Flyball, 89D, EV 100.0 MPH)
Runner from 2nd tags up, SAFE at 3rd, no throw by RF
Batting: RHB Ken Ransley 0-0: Ball
1-0: Ball
2-0: Fielders Choice at 2nd, 3-6 (Groundball, 3, EV 92.5 MPH)
Jesús Cantú scores
Batting: LHB Orlando Hernández 0-0: Ball
1-0: Ball
2-0: Called Strike
2-1: Foul Ball, location: 7LSF
2-2: Fly out, F8 (Flyball, 8RD, EV 81.9 MPH)
Bottom of the 6th over - 2 runs, 3 hits, 0 errors, 1 left on base; Mexico City 2 - Carolina 2
TOP OF THE 7TH
Mexico City Padres batting - Pitching for Carolina Catamounts : LHP Raúl Martínez
Batting: LHB Greg Younger 0-0: Called Strike
0-1: Ball
1-1: Foul Ball, location: 2F
1-2: Ball
2-2: Fly out, F7 (Flyball, 7, EV 93.1 MPH)
Batting: RHB Rico Rodríguez 0-0: Called Strike
0-1: Called Strike
0-2: Ball
1-2: Ball
2-2: Foul Ball, location: 7LMF
2-2: Foul Ball, location: 3FF
2-2: Foul Ball, location: 2F
2-2: SINGLE (Line Drive, 56D, EV 103.8 MPH)
Batting: LHB Mario Rosales 0-0: Fly out, F7 (Flyball, 7LS, EV 95.6 MPH)
Batting: RHB Wilfred Sanders 0-0: Called Strike
0-1: Swinging Strike
0-2: Ball
1-2: Ball
Rico Rodríguez steals 2nd base
2-2: Hit by Pitch
Batting: RHB Germão Risques 0-0: Called Strike
0-1: Ball
1-1: Swinging Strike
1-2: Ball
2-2: Foul Ball, location: 25FF
2-2: Ball
3-2: Foul Ball, location: 7LSF
3-2: Foul Ball, location: 9LSF
3-2: Fly out, F3 (Popup, 23F, EV 86.9 MPH)
Top of the 7th over - 0 runs, 1 hit, 0 errors, 2 left on base; Mexico City 2 - Carolina 2
BOTTOM OF THE 7TH
Carolina Catamounts batting - Pitching for Mexico City Padres : LHP Trey Smith
Batting: RHB José Romero 0-0: Called Strike
0-1: Ball
1-1: Swinging Strike
1-2: Strikes out looking
Batting: RHB Rex Boone 0-0: Ball
1-0: Ball
2-0: Foul Ball, location: 7LSF
2-1: Ground out 5-3 (Groundball, 5L, EV 81.9 MPH)
Batting: RHB Leo Myers 0-0: Ball
1-0: Ball
2-0: Ground out 4-3 (Groundball, 4, EV 86.9 MPH)
Bottom of the 7th over - 0 runs, 0 hits, 0 errors, 0 left on base; Mexico City 2 - Carolina 2
TOP OF THE 8TH
Mexico City Padres batting - Pitching for Carolina Catamounts : LHP Raúl Martínez
Pitching: RHP Randy Stephenson
Batting: LHB Steve Morris 0-0: Foul Ball, location: 5F
0-1: Foul Ball, location: 7LSF
0-2: Strikes out swinging
Batting: LHB Ethan Glenn 0-0: Ball
1-0: Called Strike
1-1: Ball
2-1: Swinging Strike
2-2: Strikes out swinging
Batting: SHB Tony Hinojosa 0-0: Fly out, F4 (Popup, 4MD, EV 48.1 MPH)
Top of the 8th over - 0 runs, 0 hits, 0 errors, 0 left on base; Mexico City 2 - Carolina 2
BOTTOM OF THE 8TH
Carolina Catamounts batting - Pitching for Mexico City Padres : LHP Trey Smith
Pitching: RHP Chun-hua Guo
Batting: RHB Mike Harrison 0-0: Called Strike
0-1: Swinging Strike
0-2: SINGLE (Groundball, 6MD, EV 105.0 MPH)
Batting: LHB Jesús Cantú 0-0: Called Strike
Mike Harrison steals 2nd base (no throw)
0-1: Ball
1-1: Intentional Walk
Batting: RHB Ignacio Montalvo 0-0: Swinging Strike
0-1: Foul Ball, location: 2F
0-2: Foul Ball, location: 3FF
0-2: Ball
1-2: Fly out, F7 (Flyball, 78D, EV 110.6 MPH)
Runner from 2nd tags up, OUT at 3rd! 7-5
Batting: LHB Bailey Johnson 0-0: Swinging Strike
0-1: Ball
1-1: DOUBLE (Line Drive, 89XD, EV 105.0 MPH)
Jesús Cantú to third
Runner from 3rd tries for Home, SAFE, throw by RF to home
Batting: RHB Ken Ransley 0-0: Ball
1-0: Ball
2-0: Fly out, F9 (Flyball, 89S, EV 85.6 MPH)
Bottom of the 8th over - 1 run, 2 hits, 0 errors, 1 left on base; Mexico City 2 - Carolina 3
TOP OF THE 9TH
Mexico City Padres batting - Pitching for Carolina Catamounts : RHP Randy Stephenson
Pitching: LHP Liam Dealey
Pinch Hitting: RHB Hikaru Nii 0-0: Called Strike
0-1: Called Strike
0-2: Reached on error, E6 (Groundball, 56, EV 107.5 MPH)
Pinch Hitting: LHB Ángelo Martínez 0-0: Called Strike
0-1: Called Strike
0-2: Strikes out looking
Batting: RHB Rico Rodríguez 0-0: Called Strike
0-1: Foul Ball, location: 5SF
0-2: Strikes out swinging
Batting: LHB Mario Rosales 0-0: Called Strike
0-1: Swinging Strike
0-2: Ball
1-2: Ball
2-2: Ball
3-2: Strikes out looking
Top of the 9th over - 0 runs, 0 hits, 1 error, 1 left on base; Mexico City 2 - Carolina 3
Friday, May 3rd , 2024 - OOTP Baseball 24.10 Build 82